 Dungeon Crawl Stone Soup version 0.26-a0-52-gd53d4cd (webtiles) character file.

Game seed: 4173199669339860557

10835 thirtiethelement the Carver (level 11, -14/86 HPs)
             Began as a Demonspawn Abyssal Knight on June 6, 2020.
             Was a High Priest of Lugonu.
             Demolished by a death knight
             ... wielding a +2 broad axe of venom
              (17 damage)
             ... on level 11 of the Dungeon.
             The game lasted 00:23:12 (12872 turns).

thirtiethelement the Carver (DsAK)                 Turns: 12872, Time: 00:23:13

Health: -14/86     AC: 18    Str: 19    XL:     11   Next: 41%
Magic:  0/22       EV: 12    Int: 13    God:    Lugonu [*****.]
Gold:   805        SH:  0    Dex: 18    Spells: 10/10 levels left

rFire    x . .     SeeInvis .   v - +7 great sword
rCold    + + .     Gourm    .   (shield currently unavailable)
rNeg     . . .     Faith    .   d - +1 ice dragon scales
rPois    .         Spirit   +   (helmet restricted)
rElec    +         Reflect  .   k - +2 cloak
rCorr    .         Harm     .   (no gloves)
MR       .....                  u - +1 pair of boots {run}
Stlth    ..........             q - amulet of the Furies {RegenMP rElec Str+3}
HPRegen  0.24/turn              s - ring of Muockubab {MP+9 Dex+5}
MPRegen  0.43/turn              (no ring)

@: lethally poisoned (-14 -> -19), about to teleport, vulnerable, quick
A: claws 2, horns 2, talons 1, magic shield
a: Depart the Abyss, Bend Space, Banish, Corrupt, Enter the Abyss, Renounce
Religion


You were on level 11 of the Dungeon.
You worshipped Lugonu.
Lugonu was extremely pleased with you.
You were not hungry.

You visited 1 branch of the dungeon, and saw 11 of its levels.
You visited the Abyss 1 time.

You collected 805 gold pieces.

Inventory:

Hand Weapons
 a - a +2 falchion
 v - a +7 great sword (weapon)
Armour
 d - +1 ice dragon scales (worn)
 k - a +2 cloak (worn)
 l - a +2 kite shield
 u - a +1 pair of boots of running (worn)
 w - the +0 hat of Foysen {*Corrode rF+ MP+9 Int+2}
   (You found it on level 9 of the Dungeon)

   It affects your intelligence (+2).
   It protects you from fire.
   It affects your magic capacity (+9).
   It may corrode you when you take damage.
Jewellery
 q - the amulet of the Furies (around neck) {RegenMP rElec Str+3}
   (You acquired it on level 9 of the Dungeon)

   [amulet of magic regeneration]

   It increases your magic regeneration.
   It affects your strength (+3).
   It insulates you from electricity.
 s - the ring of Muockubab (left claw) {MP+9 Dex+5}
   (You found it on level 9 of the Dungeon)

   [ring of magical power]

   It affects your dexterity (+5).
   It affects your magic capacity (+9).
 y - a cursed amulet of inaccuracy {unknown}
 z - an uncursed ring of ice
 B - the amulet of Dishonour {Faith rC+ Str+3 Int-3 Dex+6}
   (You found it on level 11 of the Dungeon)

   [amulet of faith]

   It allows you to gain divine favour quickly.
   It affects your strength (+3).
   It affects your intelligence (-3).
   It affects your dexterity (+6).
   It protects you from cold.
Wands
 b - a wand of disintegration (14)
 f - a wand of flame (7)
 j - a wand of polymorph (11)
 n - a wand of random effects (11)
Scrolls
 g - 2 scrolls of remove curse
 o - a scroll of fear
 t - 6 scrolls of teleportation
Potions
 e - 5 potions of stabbing
 h - 4 potions of berserk rage
 i - 2 potions of lignification
 m - 3 potions of flight
 r - a potion of brilliance
 x - a potion of ambrosia
Comestibles
 c - 12 rations


   Skills:
 + Level 7.9 Fighting
 + Level 11.4 Long Blades
 + Level 7.7 Armour
 + Level 4.1 Dodging
 + Level 1.3 Stealth
 + Level 3.9 Shields
 + Level 2.4 Invocations
 + Level 2.8 Evocations


You had 10 spell levels left.
You didn't know any spells.
Your spell library contained the following spells:

 Spells                   Type           Power        Failure   Level  Hunger
 Corona                   Hex            #......      69%         1    ##.....
 Sting                    Tmut/Pois      #...         69%         1    ##.....
 Summon Butterflies       Summ           #.......     69%         1    ##.....
 Summon Small Mammal      Summ           #...         69%         1    ##.....
 Call Imp                 Summ           #.......     83%         2    ###....
 Ensorcelled Hibernation  Hex/Ice        #.....       83%         2    ###....
 Call Canine Familiar     Summ           #.......     96%         3    ####...
 Confusing Touch          Hex            #.......     96%         3    ####...
 Dazzling Flash           Conj/Hex       #.....       96%         3    ####...
 Gell's Gravitas          Tloc           #.........   96%         3    ####...
 Summon Guardian Golem    Hex/Summ       #.......     96%         3    ####...
 Tukima's Dance           Hex            #.......     96%         3    ####...
 Petrify                  Tmut/Erth      #.......     100%        4    #####..
 Summon Ice Beast         Ice/Summ       #.......     100%        4    #####..
 Summon Lightning Spire   Summ/Air       #.......     100%        4    #####..
 Metabolic Englaciation   Hex/Ice        #.........   100%        5    ######.
 Summon Mana Viper        Hex/Summ       #.......     100%        5    ######.
 Yara's Violent Unravell  Hex/Tmut       #.........   100%        5    ######.
 Summon Hydra             Summ           #.........   100%        7    #######


Dungeon Overview and Level Annotations

Branches:
Dungeon (11/15)            Temple (0/1) D:6            Lair (0/6) D:8
    Orc (0/2) D:10

Altars:
Ashenzari
Gozag
Hepliaklqana
Kikubaaqudgha
Makhleb
Okawaru
Qazlal
Sif Muna
Trog
Uskayaw
Vehumet
Xom
Zin
The Shining One

Shops:
D:4 =


Innate Abilities, Weirdness & Mutations

You have very sharp fingernails.
You have a pair of horns on your head.
You have sharp toenails.
When hurt, damage is shared between your health and your magic reserves.


Message History

As you read the scroll of teleportation, it crumbles to dust.
You feel strangely unstable. The phantasmal warrior hits you!!
* * * LOW HITPOINT WARNING * * *
Your magical defenses are stripped away!
The death knight closely misses you.
You feel better.
The phantasmal warrior hits you but does no damage.
You feel better.
The death knight hits you with a +2 broad axe of venom!!
* * * LOW HITPOINT WARNING * * *
You are lethally poisoned!
The phantasmal warrior barely misses you.
You slice the phantasmal warrior!!
You headbutt the phantasmal warrior, but do no damage.
The phantasmal warrior is almost destroyed.
* * * LOW HITPOINT WARNING * * *
You feel sick.
The phantasmal warrior hits you but does no damage.
The death knight hits you with a +2 broad axe of venom!!
You die...

## . # ###########
# #().((((.)# #
##)######.# #
#.#......# #
#(..(....###.####
#
###(##p#.ยง.......
#(..W@.#z###.####
### #.#.####.# ..#
#.#.####.# ...
#.#......# #.#
#.######.# ..# ...
.). ### ... ##.##
......... ...
#...##### ##.#


You could see a death knight and a phantasmal warrior.

Vanquished Creatures
  A two-headed ogre (D:11)
  A centaur warrior (D:11)
  2 unseen horrors
  An ugly thing (D:10)
  Psyche (D:8)
  A freezing wraith (D:11)
  A troll (D:11)
  2 hippogriffs
  2 shadows (D:11)
  A wraith (D:6)
  2 wyverns
  Grum (D:10)
  A hungry ghost (D:10)
  A soldier ant (shapeshifter) (D:9)
  A water moccasin (D:7)
  6 orc warriors
  An ice beast (D:7)
  A necrophage (D:7)
  A sky beast (D:9)
  3 phantoms
  3 black bears
  5 ogres
  3 wolves (D:10)
  The ghost of CowFu the Ruffian, an amateur DrTm (D:6)
  3 centaurs
  A crocodile (D:8)
  2 big kobolds
  7 bullfrogs
  A wyvern skeleton (D:10)
  4 scorpions
  A water moccasin skeleton (D:7)
  11 killer bees
  5 howler monkeys
  7 wights
  A centaur zombie (D:10)
  A bullfrog zombie (D:8)
  5 crimson imps
  3 jellies
  A quasit (D:7)
  3 orc priests
  10 orc wizards
  4 bullfrog skeletons
  2 iguanas
  Ijyb (D:2)
  6 worker ants
  2 hound skeletons
  A howler monkey zombie (D:9)
  4 gnolls (D:9)
  20 adders
  A shadow imp (D:5)
  2 adder skeletons
  An adder zombie (D:10)
  2 worms
  3 leopard geckos
  43 orcs
  2 ball pythons
  5 bats
  A giant cockroach (D:3)
  18 goblins
  9 hobgoblins
  2 jackals (D:10)
  2 quokkas
  6 frilled lizards
  2 goblin skeletons (D:6)
  A goblin zombie (D:6)
  4 hobgoblin zombies (D:6)
  15 kobolds
  A kobold skeleton (D:6)
  2 kobold zombies (D:6)
  2 orc zombies (D:6)
  A quokka skeleton (D:7)
  4 rats
278 creatures vanquished.

Notes
Turn   | Place    | Note
-------+----------+-------------------------------------------
     0 | Abyss:1  | thirtiethelement the Demonspawn Abyssal Knight began the
                  | quest for the Orb.
     0 | Abyss:1  | Reached XP level 1. HP: 18/18 MP: 2/2
    37 | Abyss:1  | Noticed a small abomination
    61 | Abyss:1  | Noticed a crimson imp
    64 | Abyss:1  | Noticed a hellwing
    65 | D:1      | Escaped the Abyss
   371 | D:1      | Reached skill level 2 in Long Blades
   371 | D:1      | Gained mutation: You have a pair of small horns on your
                  | head. [demonic ancestry]
   371 | D:1      | Reached XP level 2. HP: 15/24 MP: 3/3
   577 | D:1      | Reached * piety under Lugonu
   809 | D:2      | Reached skill level 1 in Dodging
  1031 | D:2      | Found an opulent altar of Gozag.
  1037 | D:2      | Gained mutation: You have sharp toenails. [demonic
                  | ancestry]
  1037 | D:2      | Reached XP level 3. HP: 27/29 MP: 4/4
  1669 | D:2      | Reached XP level 4. HP: 35/35 MP: 5/5
  1703 | D:2      | Reached skill level 3 in Long Blades
  1877 | D:2      | Noticed Ijyb
  1888 | D:2      | Killed Ijyb
  2088 | D:3      | Reached ** piety under Lugonu
  2088 | D:3      | Gained mutation: You have sharp fingernails. [demonic
                  | ancestry]
  2088 | D:3      | Reached XP level 5. HP: 36/42 MP: 6/6
  2151 | D:3      | Found a shattered altar of Ashenzari.
  3105 | D:4      | Reached skill level 1 in Shields
  3374 | D:4      | Found Lusaph's Jewellery Emporium.
  3375 | D:4      | Noticed a phantom
  3403 | D:4      | Killed a phantom
  3403 | D:4      | Reached skill level 4 in Long Blades
  3403 | D:4      | Gained mutation: When hurt, damage is shared between your
                  | health and your magic reserves. [demonic ancestry]
  3403 | D:4      | Reached XP level 6. HP: 27/48 MP: 7/7
  4013 | D:5      | Entered Level 5 of the Dungeon
  4607 | D:5      | Found an ancient bone altar of Kikubaaqudgha.
  4611 | D:5      | Found a shimmering blue altar of Sif Muna.
  4613 | D:5      | Found a radiant altar of Vehumet.
  4617 | D:5      | Identified Sif Muna's Incunabulum of Shape Shifting
  4658 | D:6      | Found a transporter.
  4669 | D:6      | Noticed CowFu's ghost (amateur DrTm)
  4676 | D:6      | Noticed an orc warrior
  4700 | D:5      | Killed an orc warrior
  4700 | D:5      | Gained mutation: You have very sharp fingernails. [demonic
                  | ancestry]
  4700 | D:5      | Reached XP level 7. HP: 6/54 MP: 1/8
  5048 | D:6      | Found a transporter.
  5154 | D:6      | Found a glowing golden altar of the Shining One.
  5166 | D:6      | Reached *** piety under Lugonu
  5222 | D:6      | Found a staircase to the Ecumenical Temple.
  5434 | D:6      | Noticed a wraith
  5555 | D:6      | Reached skill level 5 in Long Blades
  5721 | D:6      | Found a glowing silver altar of Zin.
  5826 | D:6      | Killed CowFu's ghost
  5830 | D:6      | Gained mutation: You have a pair of horns on your head.
                  | [demonic ancestry]
  5830 | D:6      | Reached XP level 8. HP: 50/61 MP: 6/9
  6062 | D:7      | Reached skill level 6 in Long Blades
  6297 | D:7      | Reached skill level 1 in Stealth
  6297 | D:7      | Reached skill level 1 in Evocations
  6322 | D:7      | Reached skill level 5 in Fighting
  6383 | D:7      | Reached skill level 7 in Long Blades
  6655 | D:7      | Reached XP level 9. HP: 63/68 MP: 10/10
  6751 | D:7      | Found a hazy altar of Hepliaklqana.
  6752 | D:7      | Found an iron altar of Okawaru.
  6754 | D:7      | Found a burning altar of Makhleb.
  6800 | D:7      | Found a shimmering altar of Xom.
  6801 | D:7      | Found a hide-covered altar of Uskayaw.
  6964 | D:7      | Found a stormy altar of Qazlal.
  7170 | D:8      | Reached skill level 5 in Armour
  7183 | D:8      | Found a glowing golden altar of the Shining One.
  7248 | D:8      | Noticed Psyche
  7254 | D:8      | Killed Psyche
  7254 | D:8      | Reached skill level 8 in Long Blades
  8110 | D:8      | Reached **** piety under Lugonu
  8288 | D:8      | Found a staircase to the Lair.
  8309 | D:8      | Reached skill level 9 in Long Blades
  8401 | D:8      | Killed an unseen horror
  8401 | D:8      | Reached XP level 10. HP: 31/76 MP: 3/11
  9043 | D:9      | Found a bloodstained altar of Trog.
  9245 | D:9      | Identified 2 scrolls of acquirement
  9252 | D:9      | Identified a +1 pair of boots of running (You acquired it
                  | on level 9 of the Dungeon)
  9264 | D:9      | Got the amulet of the Furies {RegenMP rElec Str+3}
  9323 | D:9      | You fall into a shaft and drop 2 floors!
  9346 | D:10     | Entered Level 10 of the Dungeon
  9397 | D:9      | Got a coiled pewter ring
  9398 | D:9      | Identified the ring of Muockubab {MP+9 Dex+5} (You found it
                  | on level 9 of the Dungeon)
  9503 | D:9      | Got a heavily runed hat
  9509 | D:9      | Identified the cursed +0 hat of Foysen {*Corrode rF+ MP+9
                  | Int+2} (You found it on level 9 of the Dungeon)
  9558 | D:9      | Reached skill level 10 in Long Blades
 10269 | D:10     | Reached ***** piety under Lugonu
 10335 | D:10     | Noticed a brown ugly thing
 10350 | D:10     | Killed a brown ugly thing
 10716 | D:10     | Found a staircase to the Orcish Mines.
 10716 | D:10     | Noticed Grum
 10724 | D:10     | Killed Grum
 11146 | D:10     | Reached XP level 11. HP: 47/84 MP: 13/13
 11553 | D:11     | Noticed a centaur warrior
 11602 | D:11     | Killed an unseen horror
 11602 | D:11     | Reached skill level 11 in Long Blades
 11912 | D:11     | Noticed a two-headed ogre
 11920 | D:11     | Killed a two-headed ogre
 12139 | D:11     | Killed a centaur warrior
 12449 | D:11     | Got a slimy tin amulet
 12452 | D:11     | Identified the amulet of Dishonour {Faith rC+ Str+3 Int-3
                  | Dex+6} (You found it on level 11 of the Dungeon)
 12537 | D:11     | Noticed a death knight
 12537 | D:11     | Noticed a skeletal warrior
 12537 | D:11     | Noticed a phantasmal warrior
 12869 | D:11     | HP: 3/86 [phantasmal warrior[a death knight] (17)]
 12872 | D:11     | Demolished by a death knight

Illustrated notes

Levels and vault maps discovered:
D:1:      eino_arrival_water_star, layout_basic
D:2:      kennysheep_the_goblin_king, layout_loops_ring,
          nicolae_gozag_seed_capital
D:3:      layout_loops_cross, old_standard_altar
D:4:      layout_basic, first_ration, serial_shops, nicolae_shop_trees
D:5:      layout_rooms, grunt_temple_overflow_magic_moments
D:6:      layout_cave_pods, nicolae_overflow_hidden_temple,
          minmay_temple_entry_mini_moons, gammafunk_ghost_mausoleum,
          nicolae_tso_besieged_by_evil
D:7:      layout_loops_ring, minitemple, gammafunk_temple_overflow_statue,
          the_bakery, nicolae_qazlal_eye_of_the_storm
D:8:      layout_loops_corners, kennysheep_mini_moat, lair_entry_dummy,
          uniq_psyche
D:9:      layout_long_grid, trog_ov_bears_minmay, minmay_mirror_moons_of_madness
D:10:     layout_cave_pods, hiddenorc1_lemuel, serial_undead, serial_undead_e,
          serial_undead_b, serial_undead_f, serial_undead_f,
          minmay_quadrilaterals, uniq_grum
D:11:     layout_basic, serial_shops, kennysheep_mini, minmay_diamond_spiral,
          uniq_sonja

Skill      XL: |  1  2  3  4  5  6  7  8  9 10 11 |
---------------+----------------------------------+-----
Armour         | 2 3 4 6 7 |  7.7
Long Blades    | 2 3 4 5 7 9 10 11 | 11.4
Dodging        | 1 2 3 4 |  4.1
Shields        | 1 2 3 |  3.9
Fighting       | 4 5 6 7 |  7.9
Stealth        | 1 |  1.3
Evocations     | 1 2 |  2.8
Invocations    | |  2.4

Action                   |  1- 3 |  4- 6 |  7- 9 | 10-12 || total
-------------------------+-------+-------+-------+-------++-------
Melee: Falchion          |    94 |   186 |    76 |       ||   356
       Headbutt          |    10 |    25 |    29 |    81 ||   145
       Kick              |     7 |    38 |    55 |    16 ||   116
       Great sword       |       |       |   126 |   311 ||   437
Invok: Depart the Abyss  |     1 |       |       |       ||     1
Evoke: Wand              |       |     2 |    10 |    13 ||    25
  Use: Scroll            |     5 |     6 |    11 |    10 ||    32
       Potion            |       |       |     1 |     4 ||     5
  Eat: Chunk             |     2 |     9 |     4 |     7 ||    22
       Ration            |       |     1 |     2 |     3 ||     6
Armor: Ice dragon scales |    73 |    88 |   183 |   271 ||   615
Dodge: Dodged            |    51 |    65 |   153 |   250 ||   519
Block: Kite shield       |       |    75 |    51 |       ||   126
       Rpst.: Falchion   |    18 |    22 |    13 |       ||    53
       Great sword       |       |       |    30 |    68 ||    98

Table legend:
 A = Non-vault XP
 B = Vault XP
 C = Vault XP percentage of total XP
 D = Non-vault monster count
 E = Vault monster count
 F = Vault count percentage of total count
                 A         B        C        D         E       F
            +---------+---------+-------+---------+---------+-------
      Total |   10482 |    4997 |  32.3 |     210 |      68 |  24.5
            +---------+---------+-------+---------+---------+-------
        D:1 |      20 |       0 |   0.0 |      11 |       0 |   0.0
        D:2 |     107 |      47 |  30.5 |      26 |       7 |  21.2
        D:3 |     119 |       0 |   0.0 |      23 |       0 |   0.0
        D:4 |     226 |       0 |   0.0 |      15 |       0 |   0.0
        D:5 |     242 |       0 |   0.0 |       5 |       0 |   0.0
        D:6 |     417 |     480 |  53.5 |       6 |      17 |  73.9
        D:7 |    1209 |       0 |   0.0 |      20 |       0 |   0.0
        D:8 |    2617 |     448 |  14.6 |      27 |       1 |   3.6
        D:9 |    1024 |     740 |  42.0 |      26 |       8 |  23.5
       D:10 |    1731 |    1657 |  48.9 |      36 |      31 |  46.3
       D:11 |    2770 |    1625 |  37.0 |      15 |       4 |  21.1
            +---------+---------+-------+---------+---------+-------
